AoeStats
← LAHEY

Arena

510173852Analyzed
3v3 RM · 4d ago on Sep 29, 2026· 48m 13s· 6 players
Game mode
Random Map
Map size
Normal (6 player)
Population
200
Speed
Normal
Resources
Standard
Victory
Conquest
Starting age
Dark Age
Ending age
Imperial Age
RankedLock teamsTeams togetherTeam positionsShared explorationLock speedFull tech treeHidden civsTurbo modeCheats
Victory
Defeat
🇹🇷 Turks · Türkiye
822
+13
🇦🇷 Burgundians · Argentina
784
+15
🇧🇷 Italians · Brazil
767
+16
🇪🇸 Burmese · Spain
829
-17
🇪🇸 Vikings · Spain
784
-16
🇪🇸 Mongols · Spain
680
-11
Adidegmez
11:56 Feudal Age
12:19 Horse Collar
12:26 Double-Bit Axe
19:04 Castle Age
17:18 Scale Barding Armor
18:34 Forging
18:32 Stone Mining
19:55 Heavy Plow
22:00 Gold Mining
22:26 Bow Saw
25:09 Wheelbarrow
24:52 Husbandry
28:24 Hand Cart
28:12 Town Watch
31:07 Chain Barding Armor
31:23 Iron Casting
34:30 Imperial Age
32:46 Scale Mail Armor
35:28 Cavalier
36:19 Bloodlines
36:46 Plate Barding Armor
37:11 Blast Furnace
38:27 Gold Shaft Mining
38:54 Two-Man Saw
39:46 Loom
40:04 Town Patrol
40:32 Chain Mail Armor
44:54 Capped Ram
46:02 Siege Ram
48:44 Plate Mail Armor
Robert
8:26 Loom
10:35 Feudal Age
14:32 Castle Age
13:37 Double-Bit Axe
14:45 Horse Collar
15:44 Heavy Plow
18:59 Fervor
22:22 Fletching
22:32 Padded Archer Armor
25:42 Bodkin Arrow
25:47 Padded Archer Armor
28:03 Wheelbarrow
28:47 Leather Archer Armor
30:04 Stone Mining
30:10 Gold Mining
31:39 Ballistics
38:13 Imperial Age
36:00 Hand Cart
39:55 Chemistry
41:12 Ring Archer Armor
42:15 Pirotechnia
44:04 Bracer
44:52 Thumb Ring
45:12 Conscription
45:28 Elite Genoese Crossbowman
PopySeed_[CuERvO]
8:00 Wheelbarrow
7:14 Loom
12:18 Feudal Age
12:27 Feudal Age
12:20 Double-Bit Axe
12:21 Horse Collar
12:36 Gold Mining
12:40 Stone Mining
16:05 Bow Saw
17:28 Heavy Plow
18:44 Hand Cart
24:51 Castle Age
23:32 Gold Shaft Mining
23:56 Stone Shaft Mining
23:34 Scale Barding Armor
25:59 Forging
26:16 Chain Barding Armor
25:24 Cavalier
35:19 Imperial Age
38:00 Paladin
38:41 Husbandry
39:28 Plate Barding Armor
39:29 Iron Casting
40:11 Chemistry
43:32 Light Cavalry
LAHEY
12:18 Feudal Age
13:40 Double-Bit Axe
13:39 Horse Collar
18:12 Scale Barding Armor
21:18 Wheelbarrow
24:20 Gold Mining
27:31 Castle Age
26:17 Forging
26:14 Stone Mining
28:56 Light Cavalry
30:40 Bow Saw
30:58 Heavy Plow
31:23 Bloodlines
33:11 Town Watch
35:30 Husbandry
36:22 Chain Barding Armor
38:05 Iron Casting
37:37 Padded Archer Armor
38:09 Hand Cart
38:35 Ballistics
40:36 Gold Shaft Mining
40:39 Stone Shaft Mining
41:03 Squires
41:05 Fletching
41:40 Pikeman
43:04 Murder Holes
Doctor Inspiratus
11:07 Feudal Age
16:14 Castle Age
15:46 Wheelbarrow
18:31 Gold Mining
24:13 Fervor
24:13 Redemption
24:26 Sanctity
25:16 Pikeman
26:01 Squires
25:46 Gambesons
26:05 Scale Mail Armor
25:53 Horse Collar
28:16 Hand Cart
28:42 Loom
32:13 Forging
32:18 Chain Mail Armor
32:08 Scale Barding Armor
37:53 Imperial Age
36:48 Manipur Cavalry
39:11 Chain Barding Armor
39:57 Conscription
39:53 Husbandry
40:08 Bloodlines
40:13 Capped Ram
42:12 Iron Casting
42:07 Plate Mail Armor
41:24 Halberdier
43:03 Elite Battle Elephant
44:21 Plate Barding Armor
44:53 Blast Furnace
Klumso Bizum
13:30 Feudal Age
14:16 Horse Collar
14:24 Double-Bit Axe
20:32 Castle Age
19:54 Stone Mining
20:33 Forging
22:01 Heavy Plow
22:15 Bow Saw
22:41 Gold Mining
24:26 Gold Shaft Mining
23:51 Scale Mail Armor
34:47 Chain Mail Armor
35:08 Iron Casting
38:24 Chieftains
Connection lost

Rejoining the realm…

Still unreachable

The connection could not be restored.

Session expired

The server has moved on; the page needs a fresh start.